 Dungeon Crawl Stone Soup version 0.22-a0-880-gb7b0c8b (webtiles) character file.

3847 Goblin1989 the Grappler (level 9, -1/75 HPs)
             Began as a Green Draconian Gladiator on July 30, 2018.
             Was a Follower of Elyvilon.
             Slain by a four-headed hydra (17 damage)
             ... on level 9 of the Dungeon.
             The game lasted 00:37:47 (11364 turns).

Goblin1989 the Grappler (DrGl)                     Turns: 11364, Time: 00:37:48

Health: -1/75      AC: 12    Str: 16    XL:     9   Next: 98%
Magic:  8/22       EV: 15    Int: 11    God:    Elyvilon [*.....]
Gold:   539        SH:  0    Dex: 14    Spells: 8/14 levels left

rFire    . . .     SeeInvis +     - Unarmed
rCold    + . .     Gourm    .   (no shield)
rNeg     . . .     Faith    .   (armour unavailable)
rPois    +         Spirit   .   a - +1 hat
rElec    .         Reflect  .   v - +0 cloak of Boredom {+Blink rPois MP+9}
rCorr    .         Harm     .   (no gloves)
MR       .....                  Q - +2 pair of boots
Stlth    +.........             H - amulet of rage
HPRegen  0.22/turn              c - ring of protection from cold
MPRegen  0.18/turn              s - ring of see invisible

@: very slightly contaminated
A: breathe noxious fumes, unfitting armour, poison resistance, cold-blooded, AC
+7
a: Breathe Noxious Fumes, Lesser Healing, Divine Protection, Renounce Religion,
Evoke Blink, Evoke Berserk Rage


You were on level 9 of the Dungeon.
You worshipped Elyvilon.
Elyvilon was aware of your devotion.
You were hungry.

You visited 2 branches of the dungeon, and saw 10 of its levels.
You also visited: Bailey.

You collected 539 gold pieces.

Inventory:

Hand Weapons
 B - a +1 short sword of protection
 C - a +3 flail of holy wrath
 W - a +0 spear
Missiles
 K - 178 stones {@Q3}
 S - 108 sling bullets
 U - 24 poisoned needles
 X - 58 arrows
 Z - 3 throwing nets (quivered) {!d , @Q1}
Armour
 a - a +1 hat (worn)
 v - the +0 cloak of Boredom (worn) {+Blink rPois MP+9}
   (You found it on level 5 of the Dungeon)

   It protects you from poison.
   It affects your magic capacity (+9).
   It lets you blink.
 Q - a +2 pair of boots (worn)
Jewellery
 c - a ring of protection from cold (left hand)
 s - a ring of see invisible (right hand)
 H - an amulet of rage (around neck)
 M - an uncursed ring of fire
Wands
 u - a wand of acid (9) {@v2}
 z - a wand of random effects (23)
 N - a wand of paralysis (19) {@v7}
Scrolls
 y - 2 scrolls of fog
 A - 2 scrolls of enchant weapon
 E - 7 scrolls of remove curse {@r3}
 J - a scroll of enchant armour
 L - a scroll of blinking {unknown}
 T - 4 scrolls of teleportation {!r, @r2}
Potions
 w - a potion of lignification
 x - 2 potions of heal wounds {@q2}
 F - a potion of ambrosia
 I - 2 potions of mutation {!q}
 O - 3 potions of flight
 P - 2 potions of resistance {@q6}
 V - 2 potions of cancellation
 Y - a potion of haste {@q3,}
Comestibles
 e - 8 rations
 R - 5 chunks of flesh


   Skills:
 + Level 5.7 Fighting
 - Level 1.7 Throwing
 + Level 5.1 Dodging
 - Level 9.3 Unarmed Combat
 + Level 3.1 Spellcasting
 * Level 4.3 Transmutations
 * Level 4.3 Ice Magic
 - Level 5.0 Evocations


You had 8 spell levels left.
You knew the following spells:

 Your Spells              Type           Power        Failure   Level  Hunger
a - Sticks to Snakes      Tmut           ##......     7%          2    ###....
b - Ice Form              Ice/Tmut       ##......     41%         4    #####..

Your spell library contained the following spells:

 Spells                   Type           Power        Failure   Level  Hunger
 Spider Form              Tmut/Pois      #.........   32%         3    ###....
 Blade Hands              Tmut           ##........   77%         5    ######.
 Beastly Appendage        Tmut           ##....       4%          1    #......


Dungeon Overview and Level Annotations

Branches:
Dungeon (9/15)             Temple (1/1) D:6
   Lair: D:8-11         Orc: D:9-12

Altars:
Ashenzari
Cheibriados
Dithmenos
Elyvilon
Fedhas
Gozag
Hepliaklqana
Kikubaaqudgha
Makhleb
Nemelex Xobeh
Okawaru
Qazlal
Ru
Sif Muna
Trog
Uskayaw
Vehumet
Wu Jian
Xom
Yredelemnul
Zin
The Shining One

Shops:
D:9 ((

Annotations:
D:9 Harold


Innate Abilities, Weirdness & Mutations

You can breathe blasts of noxious fumes.
Your lurid green scales are hard. (AC +7)
You cannot fit into any form of body armour.
Your system is resistant to poisons. (rPois)
You are cold-blooded and may be slowed by cold attacks.


Message History

Unknown command.
Casting: Ice Form (quite dangerous; 41% risk of failure)
Confirm with . or Enter, or press ? or * to list all spells.
You create a snake!
You now have 61 arrows.
The four-headed hydra bites your adder!
Your adder dies!
You now have 12/22 mp.
Unknown command.
Casting: Sticks to Snakes (safe; 7% risk of failure)
Confirm with . or Enter, or press ? or * to list all spells.
You miscast Sticks to Snakes.
Your skin tingles.
You now have 10/22 mp.
Casting: Sticks to Snakes (safe; 7% risk of failure)
Confirm with . or Enter, or press ? or * to list all spells.
You create a snake!
You now have 60 arrows.
You now have 9/22 mp.
You see here a hand axe.
Unknown command.
Casting: Sticks to Snakes (safe; 7% risk of failure)
Confirm with . or Enter, or press ? or * to list all spells.
You create a snake!
You now have 59 arrows.
You are feeling hungry.
The four-headed hydra bites your ball python!
Your ball python dies!
You now have 7/22 mp.
Casting: Sticks to Snakes (safe; 7% risk of failure)
Confirm with . or Enter, or press ? or * to list all spells.
You create a snake!
You now have 58 arrows.
You now have 5/22 mp.
Unknown command.
You swap places.
Your adder bites the four-headed hydra.
The four-headed hydra bites your adder!
Your adder dies!
You swap places.
The four-headed hydra bites your ball python!!
Your ball python dies!
Things that are here:
a leather armour; an orc corpse
Okay, then.
Evoke which item? (* to show all) (? for menu, Esc to quit)
Aiming: Corrosive Bolt
Press: ? - help, Shift-Dir - straight line, f - four-headed hydra
Aim: a four-headed hydra The bolt of acid hits the four-headed hydra.
The four-headed hydra is splashed with acid.
The acid corrodes the four-headed hydra!
The four-headed hydra is moderately wounded.
Evoke which item? (* to show all) (? for menu, Esc to quit)
Aiming: Corrosive Bolt
Press: ? - help, Shift-Dir - straight line, f/p - four-headed hydra
Aim: a four-headed hydra (moderately wounded, covered in acid)
The bolt of acid hits the four-headed hydra.
The four-headed hydra is splashed with acid.
The acid corrodes the four-headed hydra!
The four-headed hydra is severely wounded.
There is an entrance to Nuoguf's Antique Weapon Shoppe here.
You punch the four-headed hydra!
The four-headed hydra is severely wounded.
The four-headed hydra bites you but does no damage.
The four-headed hydra barely misses you.
The four-headed hydra bites you but does no damage.
The four-headed hydra bites you.
You take 3 damage, and have 52/75 hp.
You hit the four-headed hydra.
The four-headed hydra is severely wounded.
The four-headed hydra bites you. The four-headed hydra bites you!
The four-headed hydra barely misses you.
The four-headed hydra bites you.
* * * LOW HITPOINT WARNING * * *
You take 19 damage, and have 33/75 hp.
MASSIVE DAMAGE!!
Things that are here:
a dagger; an orc corpse Evoke which item? (* to show all) (? for menu, Esc to quit)
Aiming: Paralyse
Press: ? - help, Shift-Dir - straight line, f/p - four-headed hydra
Aim: a four-headed hydra (severely wounded, covered in acid, chance to defeat MR: 26%)
The four-headed hydra easily resists.
The four-headed hydra bites you but does no damage.
The four-headed hydra misses you.
The four-headed hydra closely misses you. x2
Evoke which item? (* to show all) (? for menu, Esc to quit)
Aiming: Paralyse
Press: ? - help, Shift-Dir - straight line, f/p - four-headed hydra
Aim: a four-headed hydra (severely wounded, covered in acid, chance to defeat MR: 26%)
The four-headed hydra easily resists.
The four-headed hydra bites you but does no damage.
The four-headed hydra barely misses you.
The four-headed hydra bites you.
* * * LOW HITPOINT WARNING * * *
The four-headed hydra barely misses you.
You take 4 damage, and have 29/75 hp.
Evoke which item? (* to show all) (? for menu, Esc to quit)
Aiming: Paralyse
Press: ? - help, Shift-Dir - straight line, f/p - four-headed hydra
Aim: a four-headed hydra (severely wounded, covered in acid, chance to defeat MR: 26%)
The four-headed hydra easily resists.
The four-headed hydra bites you!
* * * LOW HITPOINT WARNING * * *
The four-headed hydra completely misses you.
The four-headed hydra bites you!
You die... █████

██...█
██████████Ψ.Ψ.██████████
.......@D..∩[..)).).....
█........█Ψ.Ψ██████████.
█........██.██ █.
█...........█ █.
█.........███ ██████.
∆.......... .......
██████..█.∩.


███████ ██...... █ █ You could see a four-headed hydra.

Vanquished Creatures
  The ghost of olegrum the Carver, a novice BaFi (D:5)
  Prince Ribbit (D:8)
  A wyvern (D:8)
  4 phantoms
  3 ogres
  A centaur (D:7)
  5 bullfrogs
  A gnoll sergeant (D:6)
  3 scorpions
  19 killer bees
  3 howler monkeys
  A crimson imp (D:6)
  A bullfrog zombie (D:9)
  A quasit (D:8)
  5 hounds
  3 orc priests
  A jelly (D:7)
  2 orc wizards
  A bullfrog skeleton (D:4)
  An iguana (D:6)
  4 worker ants
  2 killer bee zombies
  A hound zombie (D:6)
  2 worker ant zombies
  11 gnolls
  15 adders
  A howler monkey skeleton (D:7)
  A shadow imp (D:5)
  An adder zombie (D:7)
  An adder skeleton (D:5)
  5 worms
  2 dart slugs (D:1)
  6 leopard geckos
  20 orcs
  7 bats
  5 giant cockroaches
  11 goblins
  8 hobgoblins
  14 jackals
  A quokka (D:3)
  A ball python (D:6)
  3 frilled lizards
  A giant cockroach zombie (D:5)
  6 kobolds
  3 rats
190 creatures vanquished.

Notes
Turn   | Place    | Note
-------+----------+-------------------------------------------
     0 | D:1      | Goblin1989 the Draconian Gladiator began the quest for the Orb.
     0 | D:1      | Reached XP level 1. HP: 17/17 MP: 1/1
   311 | D:1      | Reached XP level 2. HP: 24/24 MP: 2/2
   461 | D:1      | Reached skill level 4 in Unarmed Combat
   737 | D:1      | Reached XP level 3. HP: 29/29 MP: 3/3
  1065 | D:2      | Found a sacrificial altar of Ru.
  1200 | D:2      | Reached XP level 4. HP: 36/36 MP: 4/4
  1285 | D:2      | Reached skill level 5 in Unarmed Combat
  1774 | D:2      | p0werm0de: hohoho
  1774 | D:2      | p0werm0de: it's santa p0
  1976 | D:3      | p0werm0de: https://www.youtube.com/watch?v=i-unBLOI7uM
  1993 | D:3      | Reached XP level 5. HP: 23/41 MP: 5/5
  2454 | D:3      | Reached skill level 1 in Evocations
  2496 | D:2      | Goblin1989: hi, p0
  2496 | D:2      | p0werm0de: y0
  2496 | D:2      | Goblin1989: Is this yours?
  2636 | D:3      | You fall through a shaft for 2 floors!
  2636 | D:5      | Entered Level 5 of the Dungeon
  2707 | D:4      | p0werm0de: https://www.youtube.com/watch?v=H4odG4d_88g
  2709 | D:4      | p0werm0de: ??
  2709 | D:4      | p0werm0de: no
  2709 | D:4      | p0werm0de: :>
  2709 | D:4      | p0werm0de: is famous dude
  2709 | D:4      | Goblin1989: I like rock more. But I can listen to those dance compilations that you sometimes offer. I listen to them. :)
  2717 | D:4      | Found a glowing silver altar of Zin.
  2937 | D:3      | Reached skill level 6 in Unarmed Combat
  2938 | D:3      | Found a snail-covered altar of Cheibriados.
  3521 | D:4      | Reached XP level 6. HP: 34/48 MP: 7/7
  3777 | D:4      | Found a stormy altar of Qazlal.
  3778 | D:4      | Goblin1989: ??good
  3778 | D:4      | XtahuaRules: I don't have a page labeled good in my learndb. Did you mean: food, god, gold, goon, iood, ood.
  3778 | D:4      | Goblin1989: ??god
  3778 | D:4      | XtahuaRules: gods[1/3]: '?' '/' 'G' for a complete list (in game). Type "?? reasons" (in IRC) to get a list of reasons which might motivate you to worship that particular god.
  3778 | D:4      | Goblin1989: !politheist .
  3778 | D:4      | p0werm0de: https://youtu.be/YmBDs7Osff8?t=1409
  3778 | D:4      | p0werm0de: this one my fave atm
  3778 | D:4      | p0werm0de: since i was thre live and danced on LSD
  3778 | D:4      | p0werm0de: remember my whole life is like a mind movie
  3778 | D:4      | p0werm0de: D;
  3778 | D:4      | Goblin1989: wow
  3778 | D:4      | Goblin1989: tks
  3778 | D:4      | p0werm0de: E N E R G Y
  3778 | D:4      | p0werm0de: ;D
  3778 | D:4      | Goblin1989: ??politheist
  3778 | D:4      | XtahuaRules: politheist ~ polytheist[1/1]: A player who has won every available god. Type !polytheist to check your (or somebody else's) progress.
  3778 | D:4      | Goblin1989: !politheist .
  3778 | D:4      | Goblin1989: !polytheist .
  3778 | D:4      | Goblin1989: !polytheist .
  3778 | D:4      | p0werm0de: !polytheist .
  3778 | D:4      | XtahuaRules: Unwon gods for Goblin1989: , Beogh, Elyvilon, Hepliaklqana, Jiyva, Kikubaaqudgha, Qazlal, Sif Muna, Trog, Uskayaw, Vehumet, Wu Jian, Yredelemnul, Zin
  3778 | D:4      | XtahuaRules: p0werm0de is a polytheist!
  3778 | D:4      | XtahuaRules: Unwon gods for Goblin1989: , Beogh, Elyvilon, Hepliaklqana, Jiyva, Kikubaaqudgha, Qazlal, Sif Muna, Trog, Uskayaw, Vehumet, Wu Jian, Yredelemnul, Zin
  3778 | D:4      | Goblin1989: hm....
  3802 | D:4      | p0werm0de: quite a lot you got left
  3807 | D:4      | p0werm0de: !lg yermak
  3807 | D:4      | XtahuaRules: 3625. Yermak the Spry (L19 DECK of Xom), slain by a titan on Vaults:5 (vaults_vault; vaults_end_minmay_cones) on 2018-01-26 06:47:41, with 271231 points after 16790 turns and 3:55:54.
  3807 | D:4      | p0werm0de: i'm afraid yermak won'T play in tournament !
  3807 | D:4      | Goblin1989: yeah
  4167 | D:4      | Reached skill level 7 in Unarmed Combat
  4546 | D:5      | Your scales start taking on a lurid green colour.
  4546 | D:5      | Reached XP level 7. HP: 54/55 MP: 9/9
  4546 | D:5      | Gained mutation: Your system is resistant to poisons. (rPois) [Green Draconian growth]
  4660 | D:5      | Found a runed door.
  4664 | D:5      | Noticed olegrum's ghost (novice BaFi)
  4810 | D:5      | Got a steaming cloak
  4816 | D:5      | Identified the cursed +0 cloak of Boredom {+Blink rPois MP+9} (You found it on level 5 of the Dungeon)
  4816 | D:5      | Goblin1989: wow
  4816 | D:5      | Goblin1989: rpois+blink!
  5027 | D:5      | Goblin1989: oh
  5027 | D:5      | Goblin1989: rpoois nutation
  5236 | D:6      | Reached skill level 8 in Unarmed Combat
  5766 | D:6      | Reached XP level 8. HP: 58/62 MP: 11/11
  5904 | D:6      | Found a staircase to the Ecumenical Temple.
  6148 | D:7      | Found a flagged portal.
  6169 | Bailey   | Entered a bailey
  6259 | Bailey   | Goblin1989: ??wand_of_random_effects
  6259 | Bailey   | XtahuaRules: wand of random effects[1/2]: An unreliable wand which produces a variety of random, mostly harmful, effects. You might cook Sigmund, or haste him. Doesn't include heal wounds. Does include draining -- the good gods won't like it if that happens. Now includes malmutate!
  6259 | Bailey   | Goblin1989: ??wand_of_random_effects [2
  6259 | Bailey   | XtahuaRules: wand of random effects[2/2]: !lg SGrunt 547 -tv
  6819 | D:7      | Reached skill level 9 in Unarmed Combat
  6994 | D:7      | Reached skill level 5 in Evocations
  7180 | D:7      | Learned a level 2 spell: Sticks to Snakes
  7185 | D:7      | Learned a level 4 spell: Ice Form
  7582 | D:8      | Reached skill level 1 in Transmutations
  7582 | D:8      | Reached skill level 1 in Ice Magic
  7854 | D:8      | Reached XP level 9. HP: 12/71 MP: 12/12
  8022 | D:8      | Reached skill level 1 in Spellcasting
  8919 | D:8      | Noticed Prince Ribbit
  8935 | D:8      | Killed Prince Ribbit
  9220 | D:9      | Noticed a four-headed hydra
  9722 | Temple   | Entered the Ecumenical Temple
  9837 | Temple   | Became a worshipper of Elyvilon the Healer
 10484 | D:5      | Reached skill level 5 in Fighting
 10504 | D:5      | Killed olegrum's ghost
 10695 | D:9      | Reached skill level 5 in Dodging
 10915 | D:9      | Noticed Harold
 11207 | D:9      | Found Nuoguf's Antique Weapon Shoppe.
 11212 | D:9      | Reached * piety under Elyvilon
 11217 | D:9      | Found Waeriasm's Weapon Boutique.
 11364 | D:9      | Slain by a four-headed hydra

Vault maps used:
D:1:      lemuel_arrival_muddy
D:2:      first_ration, hangedman_decor_push, nicolae_ru_the_path_less_chosen
D:3:      minmay_liquid_box, cheibriados_altar_1
D:4:      old_standard_altar, grunt_qazlal_sundering
D:5:      ebering_ghost_sewer_d
D:6:      minmay_temple_entry_from_below_a, mrwooster_statue_mirror
D:7:      enter_bailey_3
D:8:      uniq_prince_ribbit1
D:9:      ebering_ghost_rock_garden, serial_shops, nicolae_shop_stone,
          shop_fountains, uniq_harold
Temple:   regret_index_temple_sigil_plot
Bailey:   bailey_polearm_1, bailey

Skill      XL: |  1  2  3  4  5  6  7  8  9 |
---------------+----------------------------+-----
Unarmed Combat | 4 5 6 7 8 9 |  9.3
Evocations     | 2 3 4 5 |  5.0
Dodging        | 3 4 5 |  5.1
Fighting       | 4 5 |  5.7
Transmutations | 1 4 |  4.3
Ice Magic      | 1 4 |  4.3
Spellcasting   | 3 |  3.1
Throwing       | |  1.7

Action                   |  1- 3 |  4- 6 |  7- 9 || total
-------------------------+-------+-------+-------++-------
Melee: Unarmed           |    96 |   259 |   500 ||   855
       Tailslap          |     6 |    32 |    55 ||    93
       Punch             |     1 |     8 |    21 ||    30
Throw: Throwing net      |       |     1 |       ||     1
 Cast: Sticks to Snakes  |       |       |     5 ||     5
 Abil: Breathe Noxious F |       |       |     8 ||     8
Evoke: Wand              |       |       |    26 ||    26
  Use: Scroll            |       |       |    17 ||    17
       Potion            |       |       |     4 ||     4
 Stab: Sleeping          |       |     1 |     2 ||     3
       Confused          |       |       |    12 ||    12
  Eat: Chunk             |     1 |    11 |    13 ||    25
       Ration            |       |       |     3 ||     3
Armor: Skin              |    40 |    61 |   188 ||   289
Dodge: Dodged            |    81 |   133 |   355 ||   569

Table legend:
 A = Spawn XP
 B = Non-spawn XP
 C = Spawn XP percentage of total XP
 D = Spawn monster count
 E = Non-spawn monster count
 F = Spawn count percentage of total count
 G = Total turns spent on level
                    A         B        C        D         E        F      G
               +---------+---------+-------+---------+---------+-------+---------
         Total |       0 |    5497 |   0.0 |       0 |     190 |   0.0 | 11364
               +---------+---------+-------+---------+---------+-------+---------
           D:1 |       0 |      44 |   0.0 |       0 |      23 |   0.0 |  1106
           D:2 |       0 |     124 |   0.0 |       0 |      22 |   0.0 |   991
           D:3 |       0 |     165 |   0.0 |       0 |      30 |   0.0 |  1260
           D:4 |       0 |     308 |   0.0 |       0 |      10 |   0.0 |   894
           D:5 |       0 |    1128 |   0.0 |       0 |      23 |   0.0 |  1358
           D:6 |       0 |     648 |   0.0 |       0 |      14 |   0.0 |   958
           D:7 |       0 |     967 |   0.0 |       0 |      30 |   0.0 |  1855
           D:8 |       0 |    1212 |   0.0 |       0 |      17 |   0.0 |  1788
           D:9 |       0 |     901 |   0.0 |       0 |      21 |   0.0 |   915
               +---------+---------+-------+---------+---------+-------+---------

Vault maps used:
D:1:      lemuel_arrival_muddy
D:2:      first_ration, hangedman_decor_push, nicolae_ru_the_path_less_chosen
D:3:      minmay_liquid_box, cheibriados_altar_1
D:4:      old_standard_altar, grunt_qazlal_sundering
D:5:      ebering_ghost_sewer_d
D:6:      minmay_temple_entry_from_below_a, mrwooster_statue_mirror
D:7:      enter_bailey_3
D:8:      uniq_prince_ribbit1
D:9:      ebering_ghost_rock_garden, serial_shops, nicolae_shop_stone,
          shop_fountains, uniq_harold
Temple:   regret_index_temple_sigil_plot
Bailey:   bailey_polearm_1, bailey
